 Dungeon Crawl Stone Soup version 0.29.1-1-gd02db6906a (webtiles) character file.

Game seed: 12075175334585821284

100 nshep25 the Covered (level 5, 0/41 HPs)
             Began as a Human Fighter on Oct 12, 2022.
             Slain by a howler monkey zombie (1 damage)
             ... on level 3 of the Dungeon.
             The game lasted 00:06:33 (2378 turns).

nshep25 the Covered (Human Fighter)                 Turns: 2378, Time: 00:06:35

Health: 0/41       AC:  7    Str: 19    XL:     5   Next: 3%
Magic:  5/5        EV:  5    Int:  8    God:
Gold:   128        SH: 17    Dex: 12    Spells: 4/4 levels left

rFire   . . .      SeeInvis .   a - +0 war axe
rCold   . . .      Faith    .   t - +0 tower shield
rNeg    . . .      Spirit   .   b - +0 scale mail
rPois   .          Reflect  +   (no helmet)
rElec   .          Harm     .   (no cloak)
rCorr   .          Rampage  .   (no gloves)
Will    .....                   (no boots)
Stlth   ..........              n - amulet of reflection
HPRegen 0.13/turn               (no ring)
MPRegen 0.09/turn               (no ring)

@: no status effects
A: no striking features
a: no special abilities


You were on level 3 of the Dungeon.
You visited 1 branch of the dungeon, and saw 3 of its levels.

You collected 128 gold pieces.

Inventory:

Hand Weapons
 a - a +0 war axe (weapon)
Missiles
 f - 6 boomerangs (quivered)
Armour
 b - a +0 scale mail (worn)
 c - a +0 buckler
 t - a +0 tower shield (worn)
Jewellery
 i - an amulet of faith
 n - an amulet of reflection (around neck)
 o - an amulet of the acrobat
 s - an amulet of magic regeneration
Wands
 r - a wand of digging (7)
Scrolls
 e - 3 scrolls of identify {unknown}
 g - a scroll of vulnerability {unknown}
 h - a scroll of brand weapon {unknown}
 j - a scroll of acquirement {unknown}
 m - a scroll of amnesia {unknown}
 p - 2 scrolls of blinking {unknown}
Potions
 d - a potion of might
 k - a potion of flight {unknown}
 l - a potion of heal wounds {unknown}
 q - a potion of berserk rage {unknown}
 u - a potion of attraction {unknown}


   Skills:
 + Level 3.4 Fighting
 + Level 3.2 Axes
 + Level 3.8 Armour
 + Level 0.5 Dodging
 + Level 3.3 Shields


You had 4 spell levels left.
You didn't know any spells.
Your spell library contained the following spells:

 Spells                   Type           Power      Damage    Failure   Level
 Slow                     Hex            0%         N/A       100%        1
 Sting                    Tmut/Pois      0%         1d3       100%        1
 Inner Flame              Hex/Fire       0%         N/A       100%        3
 Cause Fear               Hex            0%         N/A       100%        4
 Discord                  Hex            0%         N/A       100%        8


Dungeon Overview and Level Annotations

Branches:
Dungeon (3/15)

Altars:
Sif Muna
Yredelemnul

Annotations:
D:3 miserystealer's ghost, amateur TeGl


Message History

Things that are here:
a +0 dagger; 3 poisoned darts Miserystealer's ghost turns its malevolent gaze towards you.
Could not explore, unopened runed door.
You open the gate. You slash the howler monkey zombie!
The howler monkey zombie is moderately damaged.
You block the howler monkey zombie's attack.
The wyvern skeleton barely misses you. You block the wyvern skeleton's attack.
You slash miserystealer's ghost!
Miserystealer's ghost is moderately damaged.
You hit the wyvern skeleton. You block the wyvern skeleton's attack.
You block miserystealer's ghost's attack.
The wyvern skeleton bites you but does no damage.
Miserystealer's ghost completely misses you.
You slash miserystealer's ghost!
Miserystealer's ghost is heavily damaged.
You hit the wyvern skeleton. You hit the howler monkey zombie.
The wyvern skeleton bites you!
The howler monkey zombie hits you but does no damage.
Miserystealer's ghost hits you! You block the wyvern skeleton's attack.
You block miserystealer's ghost's attack.
The howler monkey zombie closely misses you.
You slash miserystealer's ghost!
Miserystealer's ghost is almost destroyed.
You hit the wyvern skeleton.
You barely miss the howler monkey zombie.
The wyvern skeleton bites you but does no damage.
The wyvern skeleton bites you. The howler monkey zombie hits you.
Miserystealer's ghost hits you!
* * * LOW HITPOINT WARNING * * *
The wyvern skeleton bites you!
* * * LOW HITPOINT WARNING * * *
You closely miss miserystealer's ghost.
Miserystealer's ghost is almost destroyed.
You barely miss the howler monkey zombie.
You hit the wyvern skeleton. Miserystealer's ghost hits you.
* * * LOW HITPOINT WARNING * * *
The howler monkey zombie hits you.
You die...

#......#.................# ##
...###...#.#.#########...# ##.
.####..###...#..#.#..#...# #..
.####.## ##..##..?).##...######..
.##...# #..#.......#..........♣
....#######..##[....####........♣
####).....#..#.ZZ....# ###......♣
###..........###WZ'### #......♣
#..............@Z...# #......♣
#..........###......# #.......
#..........# ###....# ##.#####
#...(......##############..# #
#.....>.....<.........).<.##
##........#################
#..........# #..........#
#..........#


You could see miserystealer's ghost, a water moccasin zombie, a centaur zombie,
a howler monkey zombie and a wyvern skeleton.

Vanquished Creatures
  3 adders
  A worm (D:3)
  A dart slug (D:1)
  4 orcs (D:3)
  7 endoplasms
  5 giant cockroaches
  7 goblins
  3 hobgoblins
  4 jackals (D:3)
  8 ball pythons
  2 bats (D:3)
  2 frilled lizards
  6 kobolds
  7 rats
60 creatures vanquished.

Vanquished Creatures (others)
  A withered plant (D:1)
1 creature vanquished.

Grand Total: 61 creatures vanquished

Notes
Turn   | Place    | Note
-------+----------+-------------------------------------------
     0 | D:1      | nshep25 the Human Fighter began the quest for the Orb.
     0 | D:1      | Reached XP level 1. HP: 18/18 MP: 1/1
   269 | D:1      | Found a faded altar of an unknown god.
   286 | D:1      | Reached XP level 2. HP: 22/24 MP: 2/2
   526 | D:1      | Reached XP level 3. HP: 29/29 MP: 3/3
  1017 | D:2      | Found a basalt altar of Yredelemnul.
  1144 | D:2      | Reached XP level 4. HP: 25/35 MP: 4/4
  2187 | D:3      | Found a runed translucent gate.
  2187 | D:3      | Found a runed translucent gate.
  2187 | D:3      | Found a runed translucent gate.
  2188 | D:3      | Noticed miserystealer's ghost (amateur TeGl)
  2261 | D:3      | Reached XP level 5. HP: 38/41 MP: 5/5
  2276 | D:3      | Found a shimmering blue altar of Sif Muna.
  2286 | D:3      | Got Sif Muna's Precepts of Transformation
  2289 | D:3      | Got Sif Muna's Incunable of Imprecation
  2291 | D:3      | Got Sif Muna's Lectures on Changing
  2378 | D:3      | HP: 1/41 [miserystealer's ghost (3)]
  2378 | D:3      | Slain by a howler monkey zombie

Illustrated notes

Levels and vault maps discovered:
D:1:      dpeg_arrival_court, layout_basic, ebering_ecumenical_altar_petrified
D:2:      layout_loops_cross, basic_altar
D:3:      layout_rooms, nicolae_sif_muna_little_library,
          gammafunk_ghost_necromancy, dreamdust_princess_corridor,
          nrook_campfire

Skill      XL: |  1  2  3 |
---------------+----------+-----
Axes           | 3 |  3.2
Fighting       | |  3.4
Armour         | |  3.8
Dodging        | |  0.5
Shields        | |  3.3

Action                   |  1- 3 |  4- 6 || total
-------------------------+-------+-------++-------
Melee: War axe           |    79 |    96 ||   175
Evoke: Wand              |       |     1 ||     1
Armor: Scale mail        |    37 |    33 ||    70
Dodge: Dodged            |    27 |    36 ||    63
Block: Buckler           |    21 |    49 ||    70
       Tower shield      |       |    16 ||    16
